HSSL
MASCONOMET HS CHIEFTANS @ MAIZE HS
04/15/2026
 
TOP OF THE 1ST
Masconomet HS Chieftans batting - Pitching for Maize HS : RHP George Stout
Pitching: RHP George Stout
Batting: RHB Frank Music 0-0: SINGLE (Line Drive, 8LS)
Batting: RHB Tyler Robinson 0-0: Ball
1-0: Called Strike
1-1: Swinging Strike
1-2: Foul Ball, location: 2F
1-2: Strikes out looking
Batting: LHB Trent Andrews 0-0: Ball
1-0: Called Strike
1-1: Ball
Frank Music steals 2nd base
2-1: Called Strike
2-2: Ball
3-2: Fly out, F7 (Flyball, 7M)
Batting: RHB Clancy Castro 0-0: Called Strike
0-1: Ground out 5-3 (Groundball, 5S)
Top of the 1st over - 0 run(s), 1 hit(s), 0 error(s), 1 left on base; Masconomet HS 0 - Maize HS 0
BOTTOM OF THE 1ST
Maize HS batting - Pitching for Masconomet HS Chieftans : RHP David Wilson
Pitching: RHP David Wilson
Batting: RHB Jorge Molina 0-0: Fly out, F7 (Line Drive, 7M)
Batting: RHB Fletcher Richardson 0-0: Ball
1-0: Called Strike
1-1: Ball
2-1: SOLO HOME RUN (Flyball, 8RXD), Distance : 439 ft
Batting: RHB Chris Wilson 0-0: Called Strike
0-1: Swinging Strike
0-2: Strikes out looking
Batting: RHB Nelson Martínez 0-0: Ball
1-0: Ball
2-0: Ball
3-0: Called Strike
3-1: Called Strike
3-2: Foul Ball, location: 2F
3-2: Base on Balls
Batting: SHB Tony Morrison 0-0: Ball
Nelson Martínez is caught stealing 2nd base
Bottom of the 1st over - 1 run(s), 1 hit(s), 0 error(s), 0 left on base; Masconomet HS 0 - Maize HS 1
TOP OF THE 2ND
Masconomet HS Chieftans batting - Pitching for Maize HS : RHP George Stout
Batting: RHB Lee Justice 0-0: Foul Ball, location: 2F
0-1: Ball
1-1: SINGLE (Flyball, 78S)
Batting: RHB Ryan Beck 0-0: Ball
1-0: Foul Ball, location: 2F
1-1: Foul Ball, location: 2F
1-2: Strikes out swinging
Batting: RHB António Rojas 0-0: Ball
1-0: Ball
2-0: Called Strike
2-1: Foul Ball, location: 2F
2-2: Fly out, F7 (Flyball, 56D)
Batting: SHB Jim Orr 0-0: Called Strike
Lee Justice is caught stealing 2nd base
Top of the 2nd over - 0 run(s), 1 hit(s), 0 error(s), 0 left on base; Masconomet HS 0 - Maize HS 1
BOTTOM OF THE 2ND
Maize HS batting - Pitching for Masconomet HS Chieftans : RHP David Wilson
Batting: SHB Tony Morrison 0-0: Foul Ball, location: 2F
0-1: Reached on error, E4 (Groundball, 34)
Batting: RHB Lorenzo Hernández 0-0: Ball
1-0: Called Strike
1-1: Foul Ball, location: 2F
1-2: Foul Ball, location: 2F
1-2: Ball
Wild Pitch!
Tony Morrison to second
2-2: Ball
3-2: Base on Balls
Batting: SHB Ricardo Gómez 0-0: Swinging Strike
0-1: Ball
1-1: Called Strike
1-2: Strikes out swinging
Batting: LHB Chad Aguilar 0-0: Ball
1-0: Swinging Strike
1-1: Ball
2-1: Ball
3-1: Ground out 4-3 (Groundball, 4M)
Tony Morrison to third
Lorenzo Hernández to second
Batting: RHB Dan Osborne 0-0: Called Strike
0-1: Ball
1-1: Swinging Strike
1-2: Ball
2-2: Strikes out swinging
Bottom of the 2nd over - 0 run(s), 0 hit(s), 1 error(s), 2 left on base; Masconomet HS 0 - Maize HS 1
TOP OF THE 3RD
Masconomet HS Chieftans batting - Pitching for Maize HS : RHP George Stout
Batting: SHB Jim Orr 0-0: Ball
1-0: Swinging Strike
1-1: Swinging Strike
1-2: Foul Ball, location: 2F
1-2: Foul Ball, location: 2F
1-2: Ground out 4-3 (Groundball, 34)
Batting: LHB David Hebert 0-0: Fly out, F9 (Flyball, 9M)
Batting: RHB Frank Music 0-0: Ball
1-0: Foul Ball, location: 2F
1-1: Ball
2-1: Foul Ball, location: 2F
2-2: Foul Ball, location: 2F
2-2: SINGLE (Groundball, 6MD)
Batting: RHB Tyler Robinson 0-0: Ball
Frank Music steals 2nd base
1-0: Reached on error, E6 (Groundball, 56)
Frank Music to third
Batting: LHB Trent Andrews 0-0: 3-RUN HOME RUN (Line Drive, 9D), Distance : 404 ft
Batting: RHB Clancy Castro 0-0: Ball
1-0: Ground out 4-3 (Groundball, 4)
Top of the 3rd over - 3 run(s), 2 hit(s), 1 error(s), 0 left on base; Masconomet HS 3 - Maize HS 1
BOTTOM OF THE 3RD
Maize HS batting - Pitching for Masconomet HS Chieftans : RHP David Wilson
Batting: RHB Jorge Molina 0-0: Hit by Pitch
Batting: RHB Fletcher Richardson 0-0: Called Strike
Jorge Molina steals 2nd base
0-1: Swinging Strike
0-2: Ball
1-2: Foul Ball, location: 2F
1-2: Strikes out swinging
Batting: RHB Chris Wilson 0-0: Foul Ball, location: 2F
0-1: 2-RUN HOME RUN (Flyball, 7D), Distance : 374 ft
Batting: RHB Nelson Martínez 0-0: Foul Ball, location: 2F
0-1: Ball
1-1: Called Strike
1-2: Ground out 1-3 (Groundball, 13)
Batting: SHB Tony Morrison 0-0: Called Strike
0-1: Ball
1-1: Ball
2-1: Ball
3-1: Base on Balls
Batting: RHB Lorenzo Hernández 0-0: Ball
Throwing error on steal attempt, E2
Tony Morrison to third
1-0: Ball
2-0: Swinging Strike
2-1: Ball
3-1: Foul Ball, location: 2F
3-2: Base on Balls
Batting: SHB Ricardo Gómez 0-0: Ball
1-0: Ball
2-0: Ball
3-0: Base on Balls
Lorenzo Hernández to second
Batting: LHB Chad Aguilar 0-0: Called Strike
0-1: Ball
1-1: Ball
2-1: Ball
3-1: Called Strike
3-2: Base on Balls
Tony Morrison scores
Lorenzo Hernández to third
Ricardo Gómez to second
Batting: RHB Dan Osborne 0-0: Called Strike
0-1: Called Strike
0-2: Foul Ball, location: 2F
0-2: Ball
1-2: Foul Ball, location: 2F
1-2: Strikes out swinging
Bottom of the 3rd over - 3 run(s), 1 hit(s), 1 error(s), 3 left on base; Masconomet HS 3 - Maize HS 4
TOP OF THE 4TH
Masconomet HS Chieftans batting - Pitching for Maize HS : RHP George Stout
Batting: RHB Lee Justice 0-0: Ball
1-0: Foul Ball, location: 2F
1-1: Foul Ball, location: 2F
1-2: SINGLE (Groundball, 6)
Batting: RHB Ryan Beck 0-0: Ball
1-0: SINGLE (Groundball, 5L) (infield hit)
Lee Justice to second
Batting: RHB António Rojas 0-0: Ball
1-0: Ball
2-0: Called Strike
2-1: Ball
3-1: Base on Balls
Lee Justice to third
Ryan Beck to second
Batting: SHB Jim Orr 0-0: Fly out, F9 (Flyball, 9M)
Batting: LHB David Hebert 0-0: Foul Ball, location: 2F
0-1: SINGLE (Groundball, 34S)
Lee Justice scores
Ryan Beck to third
António Rojas to second
Batting: RHB Frank Music 0-0: Ball
1-0: Fly out, F4 (Popup, 4D)
Batting: RHB Tyler Robinson 0-0: Called Strike
0-1: Ball
1-1: Swinging Strike
1-2: Ball
2-2: SINGLE (Groundball, 6MD)
Ryan Beck scores
António Rojas to third
David Hebert to second
Runner from 3rd tries for Home, SAFE, no throw or cutoff
Batting: LHB Trent Andrews 0-0: Swinging Strike
0-1: Ball
1-1: Swinging Strike
1-2: Strikes out swinging
Top of the 4th over - 3 run(s), 4 hit(s), 0 error(s), 2 left on base; Masconomet HS 6 - Maize HS 4
BOTTOM OF THE 4TH
Maize HS batting - Pitching for Masconomet HS Chieftans : RHP David Wilson
Batting: RHB Jorge Molina 0-0: Called Strike
0-1: Swinging Strike
0-2: Ball
1-2: Ball
2-2: Foul Ball, location: 2F
2-2: SINGLE (Groundball, 56)
Pitching: RHP Ned Haggart
Batting: RHB Fletcher Richardson 0-0: Ball
1-0: Ball
2-0: Called Strike
2-1: Foul Ball, location: 2F
2-2: Strikes out looking
Batting: RHB Chris Wilson 0-0: Ball
1-0: Ball
2-0: Fly out, F3 (Popup, 34)
Batting: RHB Nelson Martínez 0-0: Called Strike
0-1: Ball
1-1: Ball
2-1: Ball
3-1: Swinging Strike
3-2: 2-RUN HOME RUN (Flyball, 7D), Distance : 400 ft
Batting: SHB Tony Morrison 0-0: Ball
1-0: Ball
2-0: Foul Ball, location: 2F
2-1: SINGLE (Groundball, 4M)
Batting: RHB Lorenzo Hernández 0-0: Ball
1-0: Foul Ball, location: 2F
1-1: Called Strike
1-2: Ball
Tony Morrison is caught stealing 2nd base
Bottom of the 4th over - 2 run(s), 3 hit(s), 0 error(s), 0 left on base; Masconomet HS 6 - Maize HS 6
TOP OF THE 5TH
Masconomet HS Chieftans batting - Pitching for Maize HS : RHP George Stout
Batting: RHB Clancy Castro 0-0: Ball
1-0: Ball
2-0: Called Strike
2-1: SINGLE (Flyball, 89S)
Batting: RHB Lee Justice 0-0: Called Strike
0-1: Swinging Strike
0-2: Ball
1-2: Ball
2-2: Strikes out swinging
Batting: RHB Ryan Beck 0-0: Swinging Strike
0-1: Called Strike
0-2: Ball
1-2: Ball
2-2: 2-RUN HOME RUN (Flyball, 7D), Distance : 378 ft
Pitching: LHP John Sharpley
Batting: RHB António Rojas 0-0: Ball
1-0: Ball
2-0: Called Strike
2-1: Swinging Strike
2-2: Strikes out swinging
Batting: SHB Jim Orr 0-0: Ground out 5-3 (Groundball, 5S)
Top of the 5th over - 2 run(s), 2 hit(s), 0 error(s), 0 left on base; Masconomet HS 8 - Maize HS 6
BOTTOM OF THE 5TH
Maize HS batting - Pitching for Masconomet HS Chieftans : RHP Ned Haggart
Batting: RHB Lorenzo Hernández 0-0: Foul Ball, location: 2F
0-1: Swinging Strike
0-2: Ball
1-2: Ball
2-2: Ground out 3-1 (Groundball, 23)
Batting: SHB Ricardo Gómez 0-0: Fly out, F4 (Line Drive, 4)
Batting: LHB Chad Aguilar 0-0: Ground out 4-3 (Groundball, 34)
Bottom of the 5th over - 0 run(s), 0 hit(s), 0 error(s), 0 left on base; Masconomet HS 8 - Maize HS 6
TOP OF THE 6TH
Masconomet HS Chieftans batting - Pitching for Maize HS : LHP John Sharpley
Batting: LHB David Hebert 0-0: Called Strike
0-1: Called Strike
0-2: Ball
1-2: Foul Ball, location: 2F
1-2: Strikes out swinging
Batting: RHB Frank Music 0-0: Called Strike
0-1: Ball
1-1: Ball
2-1: Foul Ball, location: 2F
2-2: Ball
3-2: Strikes out swinging
Batting: RHB Tyler Robinson 0-0: Swinging Strike
0-1: Ball
1-1: Ball
2-1: Foul Ball, location: 2F
2-2: Strikes out swinging
Top of the 6th over - 0 run(s), 0 hit(s), 0 error(s), 0 left on base; Masconomet HS 8 - Maize HS 6
BOTTOM OF THE 6TH
Maize HS batting - Pitching for Masconomet HS Chieftans : RHP Ned Haggart
Batting: RHB Dan Osborne 0-0: Ball
1-0: Ground out 4-3 (Groundball, 4)
Batting: RHB Jorge Molina 0-0: Ball
1-0: Swinging Strike
1-1: SINGLE (Line Drive, 56)
Batting: RHB Fletcher Richardson 0-0: Ball
1-0: Ball
2-0: Called Strike
2-1: SINGLE (Line Drive, 4MD)
Jorge Molina to second
Batting: RHB Chris Wilson 0-0: Fly out, F7 (Flyball, 7M)
Batting: RHB Nelson Martínez 0-0: TRIPLE (Flyball, 9LD)
Jorge Molina scores
Fletcher Richardson scores
Pitching: RHP Pat Wright
Batting: SHB Tony Morrison 0-0: Called Strike
0-1: Ball
1-1: Fly out, F9 (Flyball, 89M)
Bottom of the 6th over - 2 run(s), 3 hit(s), 0 error(s), 1 left on base; Masconomet HS 8 - Maize HS 8
TOP OF THE 7TH
Masconomet HS Chieftans batting - Pitching for Maize HS : LHP John Sharpley
Batting: LHB Trent Andrews 0-0: Ball
1-0: Ball
2-0: Called Strike
2-1: Ball
3-1: Base on Balls
Batting: RHB Clancy Castro 0-0: Ball
1-0: Called Strike
1-1: Grounds into double play, 1-6-3 (Groundball, 15)
Batting: RHB Lee Justice 0-0: Fly out, F9 (Flyball, 9M)
Top of the 7th over - 0 run(s), 0 hit(s), 0 error(s), 0 left on base; Masconomet HS 8 - Maize HS 8
BOTTOM OF THE 7TH
Maize HS batting - Pitching for Masconomet HS Chieftans : RHP Pat Wright
Batting: RHB Lorenzo Hernández 0-0: Called Strike
0-1: Foul Ball, location: 2F
0-2: Ball
1-2: Ball
2-2: Foul Ball, location: 2F
2-2: Fly out, F8 (Flyball, 8RM)
Batting: SHB Ricardo Gómez 0-0: Ball
1-0: Called Strike
1-1: Called Strike
1-2: Strikes out swinging
Batting: LHB Chad Aguilar 0-0: Ball
1-0: Called Strike
1-1: Foul Ball, location: 2F
1-2: Ball
2-2: Ball
3-2: Strikes out swinging
Bottom of the 7th over - 0 run(s), 0 hit(s), 0 error(s), 0 left on base; Masconomet HS 8 - Maize HS 8
TOP OF THE 8TH
Masconomet HS Chieftans batting - Pitching for Maize HS : LHP John Sharpley
Pitching: LHP Jonathan Irving
Batting: RHB Ryan Beck 0-0: Ball
1-0: Called Strike
1-1: Ball
2-1: Ground out 6-3 (Groundball, 6)
Batting: RHB António Rojas 0-0: Ball
1-0: Fly out, F1 (Line Drive, 13S)
Batting: SHB Jim Orr 0-0: Foul Ball, location: 2F
0-1: Ball
1-1: Ball
2-1: Ball
3-1: Base on Balls
Batting: LHB David Hebert 0-0: Called Strike
0-1: Swinging Strike
0-2: Ball
1-2: Strikes out swinging
Top of the 8th over - 0 run(s), 0 hit(s), 0 error(s), 1 left on base; Masconomet HS 8 - Maize HS 8
BOTTOM OF THE 8TH
Maize HS batting - Pitching for Masconomet HS Chieftans : RHP Pat Wright
Batting: RHB Dan Osborne 0-0: Foul Ball, location: 2F
0-1: Ball
1-1: Ball
2-1: Ball
3-1: Fly out, F6 (Popup, 6MD)
Batting: RHB Jorge Molina 0-0: Ball
1-0: Ground out 5-3 (Groundball, 56)
Batting: RHB Fletcher Richardson 0-0: Ball
1-0: Ball
2-0: Ball
3-0: Called Strike
3-1: Foul Ball, location: 2F
3-2: Strikes out looking
Bottom of the 8th over - 0 run(s), 0 hit(s), 0 error(s), 0 left on base; Masconomet HS 8 - Maize HS 8
TOP OF THE 9TH
Masconomet HS Chieftans batting - Pitching for Maize HS : LHP Jonathan Irving
Pitching: RHP Travis Haney
Batting: RHB Frank Music 0-0: Called Strike
0-1: Ball
1-1: Called Strike
1-2: Strikes out swinging
Batting: RHB Tyler Robinson 0-0: Foul Ball, location: 2F
0-1: Foul Ball, location: 2F
0-2: Ball
1-2: Ball
2-2: Foul Ball, location: 2F
2-2: Strikes out swinging
Batting: LHB Trent Andrews 0-0: Foul Ball, location: 2F
0-1: Foul Ball, location: 2F
0-2: Strikes out swinging
Top of the 9th over - 0 run(s), 0 hit(s), 0 error(s), 0 left on base; Masconomet HS 8 - Maize HS 8
BOTTOM OF THE 9TH
Maize HS batting - Pitching for Masconomet HS Chieftans : RHP Pat Wright
Batting: RHB Chris Wilson 0-0: Foul Ball, location: 2F
0-1: Swinging Strike
0-2: Strikes out swinging
Batting: RHB Nelson Martínez 0-0: Foul Ball, location: 2F
0-1: Ball
1-1: TRIPLE (Flyball, 89XD)
Batting: SHB Tony Morrison 0-0: Intentional Walk
Batting: RHB Lorenzo Hernández 0-0: Ball
1-0: Foul Ball, location: 2F
1-1: Ball
2-1: Foul Ball, location: 2F
2-2: Foul Ball, location: 2F
2-2: Foul Ball, location: 2F
2-2: Strikes out looking
Batting: SHB Ricardo Gómez 0-0: Ball
1-0: Called Strike
1-1: Fly out, F5 (Popup, 5F)
Bottom of the 9th over - 0 run(s), 1 hit(s), 0 error(s), 2 left on base; Masconomet HS 8 - Maize HS 8
TOP OF THE 10TH
Masconomet HS Chieftans batting - Pitching for Maize HS : RHP Travis Haney
Batting: RHB Clancy Castro 0-0: Fly out, F5 (Popup, 56S)
Batting: RHB Lee Justice 0-0: Ground out 6-3 (Groundball, 6)
Batting: RHB Ryan Beck 0-0: Ball
1-0: Ball
2-0: Foul Ball, location: 2F
2-1: Ball
3-1: Base on Balls
Batting: RHB António Rojas 0-0: Ball
1-0: Ball
2-0: Ball
3-0: Called Strike
3-1: Ground out 5-3 (Groundball, 5S)
Top of the 10th over - 0 run(s), 0 hit(s), 0 error(s), 1 left on base; Masconomet HS 8 - Maize HS 8
BOTTOM OF THE 10TH
Maize HS batting - Pitching for Masconomet HS Chieftans : RHP Pat Wright
Pitching: RHP Ron Lambert
Batting: LHB Chad Aguilar 0-0: Ground out 1-3 (Groundball, 13)
Batting: RHB Dan Osborne 0-0: Swinging Strike
0-1: Fly out, F8 (Flyball, 8LS)
Pitching: RHP Dan Garrett
Batting: RHB Jorge Molina 0-0: SINGLE (Popup, 4D)
Batting: RHB Fletcher Richardson 0-0: Ball
1-0: Ball
2-0: Called Strike
2-1: SINGLE (Line Drive, 6)
Jorge Molina to second
Throwing error, E7
Jorge Molina scores
Monday, December 5th, 2016 - OOTP Baseball 17.12 Build 75